[Event "Titled Tuesday Blitz February 14 Late 2023"]
[White "Makridis, Dimitrios"]
[Black "Fernandez Garcia, Gumersindo"]
[WhiteFideId "25864475"]
[BlackFideId "24516740"]
[WhiteElo "2356"]
[BlackElo "2160"]
[Result "1-0"]
[Round "01"]
[TimeControl "180+2"]
[Date "2023.02.14"]
[WhiteClock "0:01:07"]
[BlackClock "0:00:15"]

1. e4 c5 2. Nf3 g6 3. Bc4 Bg7 4. O-O Nc6 5. c3 e6 6. Re1 Nge7 7. d4 d5 8. exd5 exd5 9. Bb5 cxd4 10. Nxd4 O-O 11. Be3 a6 12. Bf1 Qd6 13. Nd2 Nf5 14. Nxf5 Bxf5 15. Nf3 Rad8 16. Nd4 Bc8 17. h3 Rfe8 18. Qd2 Re4 19. Rad1 Nxd4 20. Bxd4 Bxd4 21. cxd4 Rde8 22. Rxe4 Rxe4 23. Rc1 Re8 24. Qc3 Bf5 25. Qc5 Qf4 26. g3 Qd2 27. Qc3 Qxc3 28. bxc3 Kf8 29. a4 Rc8 30. f3 Ke7 31. Kf2 Kd6 32. Ke3 b5 33. axb5 axb5 34. Bxb5 Bxh3 35. g4 h5 36. Kf4 hxg4 37. fxg4 Bg2 38. g5 Be4 39. c4 Bf5 40. c5+ Kc7 41. Re1 Be6 42. Ra1 Rb8 43. Bd3 Rb3 44. Rd1 Rc3 45. Ke5 Rb3 46. Kf6 Kd7 47. Bc2 Rf3+ 48. Kg7 Rg3 49. Ra1 Rxg5 50. Ra7+ Kc6 51. Ba4# 1-0


[Site "https://www.chess.com"]

[Event "Titled Tuesday Blitz February 14 Late 2023"]
[White "Papayan, Oleg"]
[Black "Pichot, Alan"]
[WhiteFideId "4193911"]
[BlackFideId "110973"]
[WhiteElo "2253"]
[BlackElo "2638"]
[Result "0-1"]
[Round "01"]
[TimeControl "180+2"]
[Date "2023.02.14"]
[WhiteClock "0:00:01"]
[BlackClock "0:00:37"]

1. e4 c5 2. Nf3 e6 3. b3 b6 4. Bb2 Bb7 5. Nc3 Nf6 6. e5 Ne4 7. Bd3 Nxc3 8. dxc3 Be7 9. c4 O-O 10. Qe2 f5 11. exf6 Bxf6 12. c3 Nc6 13. O-O-O Qc7 14. Kb1 Rae8 15. Rhe1 Ne7 16. Be4 Bc6 17. Qc2 h6 18. Bc1 Nf5 19. g3 Bxe4 20. Rxe4 Qc6 21. Ne5 Bxe5 22. Rxe5 Rf7 23. f4 d6 24. Re2 Rfe7 25. Rde1 d5 26. cxd5 exd5 27. Rxe7 Rxe7 28. Rxe7 Nxe7 29. Qe2 Kf7 30. Qe5 Qg6+ 31. Kb2 Qd3 32. Qc7 d4 33. cxd4 cxd4 34. Qxa7 Qc3+ 35. Kb1 d3 36. Qxb6 Qc2+ 37. Ka1 Qxc1# 0-1


[Site "https://www.chess.com"]

[Event "Titled Tuesday Blitz February 14 Late 2023"]
[White "Ahmadzada, Ahmad"]
[Black "Slade, Theodore"]
[WhiteFideId "13413007"]
[BlackFideId "426547"]
[WhiteElo "2488"]
[BlackElo "1995"]
[Result "1-0"]
[Round "01"]
[TimeControl "180+2"]
[Date "2023.02.14"]
[WhiteClock "0:00:31"]
[BlackClock "0:00:16"]

1. Nf3 d5 2. g3 Nf6 3. Bg2 e6 4. O-O Be7 5. c4 O-O 6. b3 d4 7. e3 c5 8. exd4 cxd4 9. Ne5 Nfd7 10. Nxd7 Nxd7 11. d3 e5 12. Re1 Bd6 13. a3 a5 14. Nd2 Nc5 15. Ne4 Nxe4 16. Bxe4 Qc7 17. Bd2 Be6 18. b4 axb4 19. axb4 f5 20. Bg2 Rxa1 21. Qxa1 b6 22. Qb2 h6 23. Qc2 Qa7 24. f4 Qc7 25. c5 bxc5 26. bxc5 Rc8 27. c6 Bf7 28. fxe5 Bxe5 29. Qc5 Re8 30. Ba5 Bd6 31. Rxe8+ Bxe8 32. Qc4+ Bf7 33. Bxc7 Bxc4 34. Bxd6 Bxd3 35. Bf1 Be4 36. Bc4+ Kh7 37. c7 Bb7 38. Be6 1-0


[Site "https://www.chess.com"]

[Event "Titled Tuesday Blitz February 14 Late 2023"]
[White "Mujumdar, Sameer"]
[Black "Baskakov, Egor"]
[WhiteFideId "2029707"]
[BlackFideId "24197866"]
[WhiteElo "1992"]
[BlackElo "2215"]
[Result "0-1"]
[Round "01"]
[TimeControl "180+2"]
[Date "2023.02.14"]
[WhiteClock "0:01:27"]
[BlackClock "0:01:53"]

1. e4 c5 2. Nf3 Nf6 3. Nc3 d5 4. exd5 Nxd5 5. Bb5+ Bd7 6. Bxd7+ Qxd7 7. O-O Nc6 8. d3 Nxc3 9. bxc3 g6 10. Rb1 Bg7 11. c4 O-O 12. Bb2 Bxb2 13. Rxb2 e5 14. Re1 Rfe8 15. Ng5 b6 16. Ne4 Qe7 17. c3 Rad8 18. Rbe2 f5 19. Ng3 Qd6 20. Rd2 e4 21. h3 Ne5 22. d4 Nxc4 23. Qb3 Qd5 24. Rdd1 Na5 25. Qa4 cxd4 26. Rxd4 Qc6 27. Qa3 Rxd4 28. cxd4 Rd8 29. Rc1 Qd6 30. Qe3 f4 0-1


[Site "https://www.chess.com"]

[Event "Titled Tuesday Blitz February 14 Late 2023"]
[White "Lodici, Lorenzo"]
[Black "Nilsson, Joakim"]
[WhiteFideId "884189"]
[BlackFideId "1723383"]
[WhiteElo "2524"]
[BlackElo "2188"]
[Result "1-0"]
[Round "01"]
[TimeControl "180+2"]
[Date "2023.02.14"]
[WhiteClock "0:01:02"]
[BlackClock "0:00:40"]

1. b3 Nf6 2. Bb2 g6 3. e4 Bg7 4. Ne2 O-O 5. Ng3 d5 6. e5 Ne4 7. Qe2 Nxg3 8. hxg3 Nc6 9. f4 Bf5 10. d3 Qd7 11. Nd2 a5 12. a3 Bg4 13. Nf3 e6 14. Rh4 h5 15. Rxg4 hxg4 16. Ng5 f6 17. exf6 Bxf6 18. Bxf6 Rxf6 19. Qxg4 Nd4 20. Kd2 Qc6 21. Ra2 Re8 22. Qh4 Re7 23. Ne4 Rff7 24. Nf6+ Kg7 25. Ng4 Nf5 26. Qg5 Qb6 27. Be2 Qg1 28. Bf3 Nxg3 29. Qh6+ Kg8 30. Qxg6+ Kf8 31. Ne5 Nf1+ 32. Kc3 d4+ 33. Kb2 Nd2 34. Ra1 Qe3 35. Qh6+ Ke8 36. Qh8+ Rf8 37. Bh5+ Kd8 38. Qxf8+ Re8 39. Qxe8# 1-0


[Site "https://www.chess.com"]

[Event "Titled Tuesday Blitz February 14 Late 2023"]
[White "Estrada Nieto, Julian"]
[Black "Ozen, Bahadir"]
[WhiteFideId "5101018"]
[BlackFideId "6337058"]
[WhiteElo "2215"]
[BlackElo "2369"]
[Result "1/2-1/2"]
[Round "01"]
[TimeControl "180+2"]
[Date "2023.02.14"]
[WhiteClock "0:02:14"]
[BlackClock "0:01:57"]

1. e4 c5 2. Nf3 d6 3. Bb5+ Bd7 4. Bxd7+ Qxd7 5. O-O Nc6 6. Qe2 Nf6 7. c3 e6 8. d4 cxd4 9. cxd4 d5 10. e5 Ne4 11. Nbd2 Nxd2 12. Bxd2 Be7 13. Rac1 O-O 14. g3 Rfc8 15. h4 Bf8 16. Qd3 h6 17. a3 Ne7 18. Bb4 Rxc1 19. Rxc1 Rc8 20. Rc3 Rxc3 21. Qxc3 Qc6 22. Qxc6 Nxc6 23. Bxf8 Kxf8 24. Kf1 1/2-1/2


[Site "https://www.chess.com"]

[Event "Titled Tuesday Blitz February 14 Late 2023"]
[White "Maksimovic, Bojan"]
[Black "Mikhalsky, Vladimir"]
[WhiteFideId "14408120"]
[BlackFideId "14144352"]
[WhiteElo "2486"]
[BlackElo "2219"]
[Result "0-1"]
[Round "01"]
[TimeControl "180+2"]
[Date "2023.02.14"]
[WhiteClock "0:00:02"]
[BlackClock "0:00:04"]

1. Nf3 c5 2. e4 Nc6 3. d4 cxd4 4. Nxd4 Nf6 5. Nc3 e5 6. Ndb5 d6 7. Nd5 Nxd5 8. exd5 Ne7 9. a4 a6 10. Nc3 Nf5 11. Bd3 Be7 12. O-O O-O 13. f4 exf4 14. Bxf4 Bg5 15. Bxg5 Qxg5 16. Qf3 Nh4 17. Qg3 Qxg3 18. hxg3 Ng6 19. a5 Ne5 20. Be4 Bd7 21. Na4 Bxa4 22. Rxa4 Rac8 23. b3 g6 24. c4 f5 25. Bc2 Rfe8 26. Rb4 Rc7 27. Rb6 Rd7 28. Rc1 Ng4 29. Kf1 Ne3+ 30. Kf2 Ng4+ 31. Kf1 Re3 32. Re1 Rde7 33. Rxe3 Nxe3+ 34. Kf2 Nxc2 35. Rxd6 Nd4 36. b4 Nc2 37. b5 Nb4 38. Rb6 Rc7 39. d6 Rxc4 40. Rxb7 Rd4 41. d7 Kf8 42. b6 Nc6 43. Rc7 Nd8 44. b7 Rb4 45. Rc8 Rxb7 46. Rxd8+ Ke7 47. Rh8 Rxd7 48. Rxh7+ Ke6 49. Rh6 Kf6 50. Rh1 Rd5 51. Ra1 Rd3 52. Ra2 Kg5 53. Ra4 Rd5 54. Kf3 Rb5 55. Ra3 Rb4 56. Ra2 Kh5 57. Ra3 g5 58. Ra2 g4+ 59. Kf2 Kg5 60. Ra3 Rb5 61. Ra4 Kf6 62. Ke3 Ke5 63. Ra3 Rb4 64. Rc3 Rb5 65. Ra3 Kd5 66. Kf4 Kc4 67. Ra1 Kb4 68. Rb1+ Kxa5 69. Ra1+ Kb6 70. Ra2 a5 71. Ra1 Rc5 72. Rb1+ Ka6 73. Ra1 Kb5 74. Rb1+ Kc4 75. Ra1 Kb4 76. Rb1+ Ka3 77. Ke3 a4 78. Kd4 Rc2 79. Rf1 Rxg2 80. Rxf5 Rxg3 81. Rb5 Rb3 82. Rg5 g3 83. Kc4 Kb2 84. Re5 Rc3+ 85. Kb4 a3 86. Re2+ Rc2 87. Re3 g2 88. Rb3+ Kc1 89. Rxa3 Rb2+ 90. Kc3 g1=Q 91. Ra1+ Rb1 92. Rxb1+ Kxb1 0-1


[Site "https://www.chess.com"]

[Event "Titled Tuesday Blitz February 14 Late 2023"]
[White "Sztokbant, Bernardo Vainzoff"]
[Black "Fier, Alexandr"]
[WhiteFideId "2115956"]
[BlackFideId "2107139"]
[WhiteElo "2213"]
[BlackElo "2589"]
[Result "1/2-1/2"]
[Round "01"]
[TimeControl "180+2"]
[Date "2023.02.14"]
[WhiteClock "0:00:04"]
[BlackClock "0:00:40"]

1. e4 e5 2. Nf3 d6 3. d4 exd4 4. Nxd4 Nf6 5. Nc3 Be7 6. Be2 O-O 7. O-O Re8 8. f4 Bf8 9. Bf3 Nbd7 10. Kh1 c6 11. b3 Qc7 12. Re1 Nc5 13. a4 Ne6 14. Be3 g6 15. Qd2 Bg7 16. f5 Nf8 17. Bf4 N6d7 18. Rad1 Ne5 19. Nde2 Nxf3 20. gxf3 gxf5 21. Bxd6 Qa5 22. Rg1 Ng6 23. e5 Rxe5 24. Bxe5 Qxe5 25. Qd8+ Bf8 26. Qg5 Be6 27. Nd4 Bd7 28. Rge1 Qc5 29. Nce2 Re8 30. c3 Bc8 31. b4 Qc4 32. Qd2 Bg7 33. Rg1 Qd5 34. Qd3 Bh6 35. c4 Qd8 36. Nxf5 Qxd3 37. Nxh6+ Kg7 38. Rxd3 Rxe2 39. Ng4 h5 40. Ne3 Bh3 41. Nf1 h4 42. Nd2 Kf8 43. Rd8+ Ke7 44. Rd4 b6 45. Re4+ Rxe4 46. Nxe4 Ne5 47. Re1 Nxf3 48. Re3 Ne5 49. Nf2 Kd6 50. Nxh3 Nxc4 51. Rc3 b5 52. Ng5 f5 53. Nf7+ Kd5 54. axb5 cxb5 55. Nh6 f4 56. Rf3 Ke4 57. Rf2 Ne5 58. Kg1 Nd3 59. Re2+ Kd4 60. Re7 a6 61. Re6 Nxb4 62. Nf5+ Kd5 63. Rh6 a5 64. Nxh4 a4 65. Rh5+ Kc4 66. Nf3 a3 67. Nd2+ Kd3 68. Rh3+ Kxd2 69. Rxa3 Nd3 70. h4 Ne5 71. h5 Kc2 72. Ra7 b4 73. Rb7 b3 74. h6 b2 75. h7 Ng6 76. Kf2 b1=Q 77. Rxb1 Kxb1 78. Kf3 Kc2 79. h8=Q Nxh8 80. Kxf4 1/2-1/2


[Site "https://www.chess.com"]

[Event "Titled Tuesday Blitz February 14 Late 2023"]
[White "Riehle, Marco"]
[Black "Mazurkiewicz, Michal"]
[WhiteFideId "12904392"]
[BlackFideId "1124943"]
[WhiteElo "2368"]
[BlackElo "2145"]
[Result "1-0"]
[Round "01"]
[TimeControl "180+2"]
[Date "2023.02.14"]
[WhiteClock "0:01:59"]
[BlackClock "0:00:03"]

1. e4 d6 2. d4 Nf6 3. f3 e5 4. d5 c6 5. c4 cxd5 6. cxd5 Be7 7. Be3 O-O 8. Qd2 Nbd7 9. Bd3 Nc5 10. Bc2 a5 11. Ne2 b6 12. O-O Ba6 13. Nbc3 Rc8 14. Rac1 b5 15. a3 b4 16. Na4 Nfd7 17. Nxc5 Nxc5 18. Rfd1 Bxe2 19. Qxe2 Bg5 20. h3 Bxe3+ 21. Qxe3 Qb6 22. Kh2 Nd7 23. Qxb6 Nxb6 24. axb4 axb4 25. Bb3 g6 26. Rc6 Rxc6 27. dxc6 Rd8 28. c7 Rc8 29. Rxd6 Na8 30. Rd8+ 1-0


[Site "https://www.chess.com"]

[Event "Titled Tuesday Blitz February 14 Late 2023"]
[White "Drnovsek, Gal"]
[Black "Pakleza, Zbigniew"]
[WhiteFideId "14607077"]
[BlackFideId "1119290"]
[WhiteElo "2397"]
[BlackElo "2494"]
[Result "0-1"]
[Round "01"]
[TimeControl "180+2"]
[Date "2023.02.14"]
[WhiteClock "0:00:09"]
[BlackClock "0:01:23"]

1. e4 d6 2. d4 Nf6 3. Nc3 c6 4. Nf3 Bg4 5. h3 Bh5 6. g4 Bg6 7. e5 Nd5 8. Nxd5 cxd5 9. Bg2 e6 10. O-O Nc6 11. Re1 Be7 12. c3 O-O 13. Bf4 b5 14. Bg3 b4 15. Qd2 bxc3 16. bxc3 Rc8 17. Rac1 dxe5 18. Nxe5 Nxe5 19. dxe5 Qa5 20. f4 Rfd8 21. Kh2 h6 22. Rf1 Ba3 23. f5 Bxc1 24. Qxc1 exf5 25. gxf5 Bh5 26. Qf4 Rc4 27. Qf2 Qc5 28. Qd2 Rxc3 29. f6 Rc2 30. Qf4 Qc4 31. Qe3 Qxf1 0-1


[Site "https://www.chess.com"]

[Event "Titled Tuesday Blitz February 14 Late 2023"]
[White "Mekhitarian, Krikor Sevag"]
[Black "Poeta, Caio Medeiros"]
[WhiteFideId "2107660"]
[BlackFideId "2142660"]
[WhiteElo "2537"]
[BlackElo "2088"]
[Result "1-0"]
[Round "01"]
[TimeControl "180+2"]
[Date "2023.02.14"]
[WhiteClock "0:00:56"]
[BlackClock "0:00:12"]

1. e4 c6 2. Nf3 d5 3. d3 Bg4 4. h3 Bh5 5. e5 e6 6. Bf4 c5 7. Nbd2 Nc6 8. Be2 Bxf3 9. Nxf3 Nge7 10. O-O Qc7 11. c3 Ng6 12. Bg3 Be7 13. d4 O-O 14. a3 Rac8 15. b4 b6 16. h4 Rfd8 17. h5 Nf8 18. h6 g6 19. Qd2 Nb8 20. Rac1 c4 21. Nh2 Rd7 22. Ng4 Qd8 23. Bd1 Rdc7 24. a4 Nbd7 25. Ra1 Bg5 26. f4 Bh4 27. Bh2 a6 28. Ne3 Be7 29. Bc2 Kh8 30. Kh1 Rb7 31. Rae1 b5 32. g4 Bh4 33. Re2 Be7 34. f5 exf5 35. gxf5 Bg5 36. Qe1 Bxh6 37. Nxd5 Nb6 38. Nxb6 Rxb6 39. a5 Rb7 40. e6 fxe6 41. fxe6 Qe7 42. Rf7 Qxf7 43. exf7 Rxf7 44. Be5+ Kg8 45. Be4 Rd8 46. Rf2 Rxf2 47. Qxf2 Bg7 48. Bxg7 Kxg7 49. Qf4 Ne6 50. Qe5+ Kf7 51. Bd5 Re8 52. Kh2 Re7 53. Qd6 Kf6 54. Qxa6 Kf5 55. Qxb5 Nf4 56. Bf3+ Kf6 57. a6 g5 58. Qe5+ 1-0


[Site "https://www.chess.com"]

[Event "Titled Tuesday Blitz February 14 Late 2023"]
[White "Grot, Blazej"]
[Black "Bolourchifard, Farzad"]
[WhiteFideId "21835845"]
[BlackFideId "12510084"]
[WhiteElo "1990"]
[BlackElo "2292"]
[Result "1-0"]
[Round "01"]
[TimeControl "180+2"]
[Date "2023.02.14"]
[WhiteClock "0:00:06"]
[BlackClock "0:00:20"]

1. e4 e5 2. Nf3 Nc6 3. Bc4 Bc5 4. d3 Nf6 5. c3 d6 6. Bb3 a6 7. Nbd2 O-O 8. Nf1 Be6 9. Bc2 d5 10. Qe2 dxe4 11. dxe4 Ng4 12. Ne3 Nxe3 13. Bxe3 Qe7 14. O-O b5 15. Rfd1 Rad8 16. a4 Rxd1+ 17. Rxd1 Rb8 18. Ra1 Qd6 19. axb5 axb5 20. Ra6 Bc4 21. Qd2 Bxe3 22. Qxd6 cxd6 23. Rxc6 Bc1 24. b3 Be6 25. Rxd6 Bb2 26. Rc6 Ra8 27. h3 Ra1+ 28. Kh2 Rc1 29. Bd3 Rxc3 30. Rb6 h6 31. Bxb5 Rxb3 32. Rb7 Kh7 33. Bc6 Rxb7 34. Bxb7 g6 35. Bd5 Bxd5 36. exd5 f5 37. Nd2 Kg7 38. Nc4 Bd4 39. Kg3 Kf6 40. Kf3 g5 41. Ke2 e4 42. f3 Bc5 43. fxe4 fxe4 44. g4 Ba7 45. Na5 Bc5 46. Nc4 Ke7 47. Ne3 Kf6 48. Nf5 Bf8 49. d6 Ke6 50. Ke3 Bxd6 51. Kxe4 Bf8 52. Ne3 Kf6 53. Nf5 Ke6 54. Nd4+ Kf6 55. Nc6 Kg6 56. Ke5 Bg7+ 57. Ke6 Bb2 58. Ne7+ Kg7 59. Nf5+ Kg6 60. Ne7+ Kh7 61. Kf7 Ba1 62. Ng6 Bg7 63. Ne7 Ba1 64. Nd5 Bb2 65. Nc7 Bd4 66. Ne6 Bb2 67. Nf8+ Kh8 68. Kg6 Bg7 69. Ne6 Ba1 70. Kxh6 Kg8 71. Kxg5 Kh7 72. Kf5 Bb2 73. h4 Kh6 74. Nf4 Bc1 75. g5+ Kg7 76. h5 Kf7 77. Ne6 Bb2 78. g6+ Kg8 79. h6 Kh8 80. Ng5 Kg8 81. Nf7 Ba1 82. h7+ Kf8 83. h8=Q+ Bxh8 84. Nxh8 Kg7 85. Nf7 Kg8 86. Ng5 Kg7 87. Ne6+ Kg8 88. Kf6 Kh8 89. g7+ Kg8 90. Nf4 Kh7 91. Kf7 Kh6 92. Ne6 Kh5 93. g8=Q Kh4 94. Qg2 Kh5 95. Qg5# 1-0


[Site "https://www.chess.com"]

[Event "Titled Tuesday Blitz February 14 Late 2023"]
[White "Tsaruk, Maksim"]
[Black "Dinu, Dumitru-Daniel"]
[WhiteFideId "13511173"]
[BlackFideId "1208403"]
[WhiteElo "2373"]
[BlackElo "2203"]
[Result "1-0"]
[Round "01"]
[TimeControl "180+2"]
[Date "2023.02.14"]
[WhiteClock "0:00:06"]
[BlackClock "0:00:01"]

1. c4 e5 2. Nc3 Nc6 3. g3 g6 4. Bg2 Bg7 5. d3 d6 6. Nf3 f5 7. O-O Nf6 8. Rb1 a5 9. a3 O-O 10. b4 axb4 11. axb4 Ne7 12. b5 c6 13. Bg5 h6 14. Bxf6 Bxf6 15. Qb3 Be6 16. Nd2 Qd7 17. bxc6 bxc6 18. Qb7 Qxb7 19. Rxb7 Rfb8 20. Rfb1 Rxb7 21. Rxb7 Ra1+ 22. Rb1 Rxb1+ 23. Ncxb1 d5 24. cxd5 cxd5 25. e3 Kf7 26. Na3 Nc6 27. Kf1 Nb4 28. Ke2 e4 29. d4 Nd3 30. Nb5 Bd7 31. Nc3 Ke6 32. Nb3 Be7 33. f4 Bb4 34. Na2 Bd6 35. Kd2 Ba4 36. Nbc1 Nb4 37. Nc3 Bc6 38. Bf1 Bc7 39. Bb5 Ba5 40. Nb3 Bxb5 41. Nxb5 Nc6+ 42. Ke2 Bd8 43. Nc5+ Kf6 44. Nc3 Ne7 45. Nb7 Bb6 46. Na4 Ba7 47. Nd8 Bb8 48. Nb7 Bc7 49. Nbc5 Bd6 50. Kd2 Bxc5 51. Nxc5 Nc6 52. Kc3 Ke7 53. Kb3 Kd6 54. Ka4 Ne7 55. Kb5 g5 56. Nb7+ Kd7 57. Kc5 Ke6 58. Nd8+ Kd7 59. Nf7 gxf4 60. gxf4 h5 61. Ng5 Kc7 62. Ne6+ Kd7 63. Nf8+ Kc7 64. Nh7 Kd7 65. Nf6+ Ke6 66. Nxh5 Ng6 67. Ng7+ Kf6 68. Ne8+ Ke7 69. Nc7 Kd7 70. Nxd5 Ke6 71. Nc7+ Kd7 72. Na6 Nxf4 73. exf4 e3 74. Nb4 1-0


[Site "https://www.chess.com"]

[Event "Titled Tuesday Blitz February 14 Late 2023"]
[White "Kanyamarala, Trisha"]
[Black "Christiansen, Johan-Sebastian"]
[WhiteFideId "45004722"]
[BlackFideId "1512668"]
[WhiteElo "2278"]
[BlackElo "2579"]
[Result "0-1"]
[Round "01"]
[TimeControl "180+2"]
[Date "2023.02.14"]
[WhiteClock "0:00:06"]
[BlackClock "0:00:15"]

1. c4 e5 2. Nc3 Nc6 3. Nf3 Nf6 4. g3 d5 5. cxd5 Nxd5 6. Bg2 Nb6 7. O-O g5 8. d3 g4 9. Ng5 h6 10. Nge4 Bg7 11. a4 a5 12. Bd2 O-O 13. Qc1 Kh7 14. Nb5 f5 15. Nc5 Rb8 16. Nxb7 Bxb7 17. Bxc6 Nd5 18. Bxb7 Rxb7 19. Bxa5 Qd7 20. e4 Nf6 21. Rd1 f4 22. d4 Nxe4 23. Qc2 Qf5 24. Re1 Nxg3 25. Qxf5+ Nxf5 26. dxe5 Nh4 27. Re4 Nf3+ 28. Kh1 Bxe5 29. Rd1 c6 30. Nc3 Rxb2 31. Rd7+ Kg6 32. Bc7 Rxf2 33. Rd1 Rxh2# 0-1


[Site "https://www.chess.com"]

[Event "Titled Tuesday Blitz February 14 Late 2023"]
[White "Amburgy, Ryan"]
[Black "Forgacs, Attila Jr."]
[WhiteFideId "30924820"]
[BlackFideId "773654"]
[WhiteElo "2246"]
[BlackElo "2264"]
[Result "0-1"]
[Round "01"]
[TimeControl "180+2"]
[Date "2023.02.14"]
[WhiteClock "0:02:36"]
[BlackClock "0:02:09"]

1. d4 Nf6 2. c4 g6 3. Nc3 d5 4. cxd5 Nxd5 5. e4 Nxc3 6. bxc3 Bg7 7. Nf3 c5 8. Bb5+ Nc6 9. Rb1 O-O 10. d5 Ne5 11. Nxe5 Bxe5 12. O-O a6 13. Be2 Bxc3 14. Be3 Qd6 15. f4 b5 16. e5 Qb6 17. Qd3 Bd4 18. Bxd4 cxd4 19. Rfd1 Bf5 0-1


[Site "https://www.chess.com"]

[Event "Titled Tuesday Blitz February 14 Late 2023"]
[White "Ferreira, Vitor Hugo Vieira"]
[Black "Oganian, Miran"]
[WhiteFideId "2119765"]
[BlackFideId "4122488"]
[WhiteElo "2128"]
[BlackElo "2439"]
[Result "0-1"]
[Round "01"]
[TimeControl "180+2"]
[Date "2023.02.14"]
[WhiteClock "0:00:47"]
[BlackClock "0:01:41"]

1. Nf3 d5 2. g3 Nf6 3. Bg2 g6 4. O-O Bg7 5. c4 O-O 6. cxd5 Nxd5 7. Nc3 c6 8. d4 Nd7 9. e4 Nxc3 10. bxc3 Nb6 11. a4 Bg4 12. Qb3 Qc8 13. a5 Nd7 14. h3 Bxf3 15. Bxf3 e5 16. Ba3 Re8 17. Rfd1 exd4 18. cxd4 Nf6 19. Bg2 Nxe4 20. a6 bxa6 21. d5 Bxa1 22. Rxa1 cxd5 23. Rc1 Qe6 24. Bb2 Rab8 25. Qa3 Nxf2 26. Bd4 Nxh3+ 27. Kh2 Ng5 28. Ba1 d4 29. Bxd4 Rb3 30. Qa5 Nf3+ 31. Bxf3 Rxf3 32. Ba1 Qe2+ 33. Kh3 Rxg3+ 34. Kxg3 Re3+ 35. Kf4 Qf2+ 36. Kg5 Rg3+ 37. Kh6 Qh2+ 38. Qh5 Qxh5# 0-1


[Site "https://www.chess.com"]

[Event "Titled Tuesday Blitz February 14 Late 2023"]
[White "Tanenbaum, Zachary"]
[Black "Rodriguez Fontecha, Marcos"]
[WhiteFideId "2060850"]
[BlackFideId "2256576"]
[WhiteElo "2261"]
[BlackElo "2309"]
[Result "1-0"]
[Round "01"]
[TimeControl "180+2"]
[Date "2023.02.14"]
[WhiteClock "0:00:43"]
[BlackClock "0:00:45"]

1. e4 e6 2. d4 d5 3. Nc3 h6 4. Nf3 Nf6 5. e5 Ne4 6. Bd3 Bb4 7. Bd2 Nxd2 8. Qxd2 c5 9. a3 Qa5 10. O-O Bxc3 11. bxc3 Nc6 12. dxc5 Qxc5 13. Rab1 a6 14. Rb3 Na5 15. Rb4 Bd7 16. Rg4 g6 17. Qf4 Qe7 18. Nd4 O-O-O 19. Rg3 h5 20. Rb1 h4 21. Rf3 Rdf8 22. h3 Nc6 23. Qe3 Nb8 24. c4 Bc6 25. cxd5 Bxd5 26. Be4 Rd8 27. Qf4 Rhf8 28. Rc3+ Nc6 29. Bxd5 1-0


[Site "https://www.chess.com"]

[Event "Titled Tuesday Blitz February 14 Late 2023"]
[White "Dzida, Kamil"]
[Black "Erdogdu, Mert"]
[WhiteFideId "21828652"]
[BlackFideId "6301495"]
[WhiteElo "2352"]
[BlackElo "2413"]
[Result "0-1"]
[Round "01"]
[TimeControl "180+2"]
[Date "2023.02.14"]
[WhiteClock "0:00:40"]
[BlackClock "0:02:08"]

1. e4 c5 2. Nf3 d6 3. d4 cxd4 4. Nxd4 Nf6 5. Nc3 a6 6. g3 e6 7. Bg2 Bd7 8. O-O Nc6 9. Re1 Be7 10. h3 O-O 11. Be3 Qc7 12. Nxc6 Bxc6 13. Bd4 b5 14. a3 a5 15. e5 dxe5 16. Bxe5 Qb7 17. Bxc6 Qxc6 18. Qe2 b4 19. Qb5 Rac8 20. axb4 axb4 21. Qxc6 Rxc6 22. Nb5 Rxc2 23. Ra7 Bc5 24. Rc7 Bxf2+ 25. Kf1 Rxc7 26. Kxf2 Rc2+ 27. Re2 Rfc8 0-1


[Site "https://www.chess.com"]

[Event "Titled Tuesday Blitz February 14 Late 2023"]
[White "Bernadskiy, Vitaliy"]
[Black "Rottenwohrer Suarez, Juan"]
[WhiteFideId "14100371"]
[BlackFideId "32068182"]
[WhiteElo "2592"]
[BlackElo "2265"]
[Result "1-0"]
[Round "01"]
[TimeControl "180+2"]
[Date "2023.02.14"]
[WhiteClock "0:01:59"]
[BlackClock "0:00:14"]

1. d4 Nf6 2. Nc3 d5 3. Bf4 Bf5 4. e3 a6 5. Nf3 e6 6. Bd3 Bxd3 7. Qxd3 c5 8. O-O Nc6 9. Ne5 Nh5 10. Nxc6 bxc6 11. Be5 f6 12. Qe2 g6 13. Bg3 Nxg3 14. hxg3 Kf7 15. Na4 Qa5 16. b3 Bd6 17. dxc5 Bxc5 18. c4 Rac8 19. Rac1 Ba3 20. Rc2 Rc7 21. Rd1 Rhc8 22. g4 Be7 23. g3 Qb4 24. Kg2 a5 25. Rh1 Kg7 26. Qf3 Qd6 27. Nb2 Qe5 28. Nd3 Qe4 29. Qxe4 dxe4 30. Nf4 Rd7 31. Nxe6+ Kf7 32. Nf4 Kg8 33. Rcc1 Rcd8 34. Ne6 Rb8 35. Rcd1 Rbb7 36. Nd4 c5 37. Nb5 Bf8 38. Nc3 Bg7 39. Nxe4 1-0


[Site "https://www.chess.com"]

[Event "Titled Tuesday Blitz February 14 Late 2023"]
[White "Lorenzo De La Riva, Lazaro"]
[Black "Barp, Alberto"]
[WhiteFideId "2268809"]
[BlackFideId "872555"]
[WhiteElo "2404"]
[BlackElo "2432"]
[Result "0-1"]
[Round "01"]
[TimeControl "180+2"]
[Date "2023.02.14"]
[WhiteClock "0:00:03"]
[BlackClock "0:00:07"]

1. c4 e6 2. d4 Nf6 3. Nc3 Bb4 4. e3 O-O 5. Bd2 d5 6. Nf3 Nbd7 7. Bd3 a6 8. O-O dxc4 9. Bxc4 b5 10. Bd3 Bb7 11. a4 bxa4 12. Nxa4 Qe7 13. Qe2 Bxd2 14. Qxd2 c5 15. dxc5 Bxf3 16. gxf3 Nxc5 17. Nxc5 Qxc5 18. Ra5 Qc6 19. Qe2 Rfb8 20. Rb1 Rb6 21. b4 Rab8 22. Rxa6 Nd5 23. Rxb6 Qxb6 24. Qc2 Nxb4 25. Bxh7+ Kh8 26. Qe4 g6 27. Bxg6 fxg6 28. Qh4+ Kg8 29. Qf6 Rb7 30. Rc1 Nc2 31. Kg2 Rf7 32. Qe5 Qb7 33. e4 Nb4 34. Rb1 Nd3 35. Qa1 Nf4+ 36. Kg3 Qc7 37. e5 Nd5 38. Qd4 Qe7 39. f4 Qf8 40. Rb8 Qxb8 0-1


[Site "https://www.chess.com"]

[Event "Titled Tuesday Blitz February 14 Late 2023"]
[White "Sai Krishna G V"]
[Black "Ansh M Shah"]
[WhiteFideId "5028280"]
[BlackFideId "25033379"]
[WhiteElo "2384"]
[BlackElo "2171"]
[Result "1-0"]
[Round "01"]
[TimeControl "180+2"]
[Date "2023.02.14"]
[WhiteClock "0:00:46"]
[BlackClock "0:00:05"]

1. e4 c6 2. d4 d5 3. Nc3 dxe4 4. Nxe4 Bf5 5. Ng3 Bg6 6. h4 h6 7. Nf3 Nd7 8. Bd3 Bxd3 9. Qxd3 e6 10. Bf4 Qa5+ 11. Bd2 Bb4 12. c3 Be7 13. c4 Qc7 14. O-O-O Ngf6 15. Ne4 Nxe4 16. Qxe4 Nf6 17. Qe2 O-O-O 18. Bc3 Qf4+ 19. Qe3 Qxe3+ 20. fxe3 Ng4 21. Rhe1 Rhf8 22. e4 g5 23. hxg5 Bxg5+ 24. Bd2 f6 25. Kc2 Rg8 26. Bxg5 hxg5 27. e5 f5 28. Re2 f4 29. Rh1 Ne3+ 30. Kd3 g4 31. Nd2 Nf5 32. Re4 Ng3 33. Rh6 Nxe4 34. Nxe4 f3 35. g3 Rh8 36. Rxe6 Rh1 37. Nd6+ Kb8 38. Rf6 Rg1 39. e6 Rxg3 40. e7 f2+ 41. Ke2 1-0


[Site "https://www.chess.com"]

[Event "Titled Tuesday Blitz February 14 Late 2023"]
[White "Dzierzak, Radoslaw"]
[Black "Fernandez Guillen, Ernesto J."]
[WhiteFideId "1161407"]
[BlackFideId "3512428"]
[WhiteElo "2220"]
[BlackElo "2477"]
[Result "0-1"]
[Round "01"]
[TimeControl "180+2"]
[Date "2023.02.14"]
[WhiteClock "0:00:02"]
[BlackClock "0:00:57"]

1. e4 e5 2. Nf3 Nc6 3. Bc4 g6 4. O-O Bg7 5. c3 d6 6. h3 Nge7 7. d4 O-O 8. dxe5 dxe5 9. Qc2 Bd7 10. a4 h6 11. a5 a6 12. Be3 Kh8 13. Nbd2 f5 14. Bc5 fxe4 15. Qxe4 Bf5 16. Qe2 g5 17. Ne4 Ng6 18. Rfd1 Nf4 19. Qe3 Qe8 20. Bxf8 Qxf8 21. Nc5 g4 22. hxg4 Bxg4 23. Nd7 Qf5 24. Rd2 e4 25. Nh4 Qg5 26. Qg3 Nh5 27. Qxc7 Qxh4 28. Qxb7 Bxd7 29. Qxd7 e3 30. fxe3 Be5 0-1


[Site "https://www.chess.com"]

[Event "Titled Tuesday Blitz February 14 Late 2023"]
[White "Maximov, Dmitry"]
[Black "Gutkin, Ilya"]
[WhiteFideId "14105659"]
[BlackFideId "16203470"]
[WhiteElo "2497"]
[BlackElo "2273"]
[Result "1-0"]
[Round "01"]
[TimeControl "180+2"]
[Date "2023.02.14"]
[WhiteClock "0:01:35"]
[BlackClock "0:00:46"]

1. e4 e6 2. d4 d5 3. e5 c5 4. c3 Nc6 5. Nf3 Nh6 6. a3 Nf5 7. b4 cxd4 8. cxd4 Bd7 9. Be3 b5 10. Nc3 a5 11. Nxb5 axb4 12. a4 Na5 13. Bd3 Nc4 14. Bg5 Qa5 15. O-O h6 16. Bd2 Be7 17. Bxf5 exf5 18. Nd6+ Nxd6 19. exd6 Bxd6 20. Re1+ Be6 21. Qc1 Rc8 22. Qxc8+ 1-0


[Site "https://www.chess.com"]